 Dungeon Crawl Stone Soup version 0.29.1-15-g9cfb28693d (webtiles) character file.

Game seed: 2419955397715730243

93 croobank the Sneak (level 4, 0/33 HPs)
             Began as an Octopode Delver on Feb 23, 2023.
             Slain by Duvessa
             ... wielding a +0 short sword
              (5 damage)
             ... on level 4 of the Dungeon.
             The game lasted 00:01:55 (1004 turns).

croobank the Sneak (Octopode Delver)                Turns: 1004, Time: 00:01:56

Health: 0/33       AC:  1    Str: 11    XL:     4   Next: 62%
Magic:  4/4        EV: 13    Int: 14    God:
Gold:   45         SH:  0    Dex: 13    Spells: 3/3 levels left

rFire   . . .      SeeInvis .   a - +0 hand axe
rCold   . . .      Faith    .   (no shield)
rNeg    . . .      Spirit   .   (helmet restricted)
rPois   .          Reflect  .   (no amulet)
rElec   .          Harm     .   (no ring)
rCorr   .          Rampage  .   (no ring)
Will    .....                   (no ring)
Stlth   ++++......              (no ring)
HPRegen 0.11/turn               (no ring)
MPRegen 0.09/turn               (no ring)
                                (no ring)
                                (no ring)

@: attractive
A: almost no armour, amphibious, 8 rings, camouflage 1, gelatinous body 1,
(nimble swimmer 1), tentacles
a: no special abilities


You were on level 4 of the Dungeon.
You visited 1 branch of the dungeon, and saw 3 of its levels.

You collected 45 gold pieces.

Inventory:

Hand Weapons
 a - a +0 hand axe (weapon)
Wands
 f - a wand of digging (3)
Scrolls
 b - a scroll of fog
 c - 4 scrolls of magic mapping
 d - a scroll of teleportation {unknown}
 e - a scroll of noise {unknown}
 g - a scroll of blinking {unknown}
Potions
 j - a potion of flight {unknown}
 k - a potion of curing {unknown}


   Skills:
 + Level 3.6 Fighting
 + Level 2.8 Axes
 + Level 2.8 Dodging
 + Level 7.3 Stealth


You had 3 spell levels left.
You didn't know any spells.
Your spell library contained the following spells:

 Spells                   Type           Power      Damage    Failure   Level
 Sublimation of Blood     Necr           0%         N/A       41%         2
 Wereblood                Tmut           0%         N/A       41%         2
 Summon Hydra             Summ           0%         N/A       100%        7


Dungeon Overview and Level Annotations

Branches:
Dungeon (6/15)
 Temple: D:4-7

Altars:

Annotations:
D:4 Dowan, Duvessa


Innate Abilities, Weirdness & Mutations

You cannot wear most types of armour.
You are amphibious.
You can wear up to eight rings at the same time.
Your skin changes colour to match your surroundings (Stealth+).
Your rubbery body absorbs attacks. (AC +1, EV +1)
((You are camouflaged when in or above water. (Stealth+)))
You have tentacles for arms and can constrict up to eight enemies at once.


Message History

Duvessa, Sister of Dowan comes into view.
She is wielding a +0 short sword.
Found a scroll labelled MUUCUK APAFO.
Found an escape hatch in the floor.
The helpless Duvessa fails to defend herself.
You hit Duvessa. You grab Duvessa.
Duvessa is lightly wounded.
You constrict Duvessa. Duvessa hits you with a +0 short sword!
You hit Duvessa.
Duvessa is lightly wounded.
You constrict Duvessa, but do no damage.
Duvessa closely misses you. Duvessa hits you with a +0 short sword!
You hit Duvessa but do no damage. You squeeze Duvessa, but do no damage.
Duvessa is lightly wounded.
You constrict Duvessa, but do no damage.
Duvessa hits you with a +0 short sword.
You are too injured to fight recklessly!
Okay, then.
It was a potion of heal wounds.
You feel much better.
You constrict Duvessa. Duvessa hits you with a +0 short sword!
You hit Duvessa.
Duvessa is moderately wounded.
You constrict Duvessa. Duvessa hits you with a +0 short sword.
You hit Duvessa.
Duvessa is moderately wounded.
You constrict Duvessa, but do no damage.
Duvessa hits you with a +0 short sword!
You hit Duvessa.
Duvessa is heavily wounded.
You constrict Duvessa, but do no damage.
Dowan shouts!
You hear a shout! x2
Duvessa hits you with a +0 short sword!
* * * LOW HITPOINT WARNING * * *
Dowan points at you and mumbles some strange words.
The puff of flame misses you.
It was a potion of attraction.
You feel attractive to monsters.
You constrict Duvessa, but do no damage.
Duvessa says, "Where magic fails, the sword succeeds!"
Duvessa hits you with a +0 short sword.
You die...

.# #.# '#######.# #.
>...# .........#
#.####....#
###.######
#.........# ....#
#..###....# ...#####
#..#?#e...
##.....#####..###..#
#####....##......#
####..#...e@.#
##.######.######
#..#............
##...###########
##...# ##.## #.# #.#
#+#


You could see Duvessa and Dowan.

Vanquished Creatures
  A howler monkey (D:5)
  A hound (D:5)
  An adder (D:5)
  An ufetubus (D:5)
  A dart slug (D:5)
  5 jackals
  A quokka (D:5)
11 creatures vanquished.

Notes
Turn   | Place    | Note
-------+----------+-------------------------------------------
     0 | D:5      | croobank the Octopode Delver began the quest for the Orb.
     0 | D:5      | Reached XP level 1. HP: 16/16 MP: 1/1
     2 | D:6      | Noticed an orc priest
   151 | D:5      | Noticed a black bear
   408 | D:5      | Noticed a hound
   417 | D:5      | Killed a hound
   418 | D:5      | Reached skill level 7 in Stealth
   418 | D:5      | Reached XP level 2. HP: 11/21 MP: 2/2
   418 | D:5      | Reached XP level 3. HP: 14/26 MP: 3/3
   680 | D:5      | Reached XP level 4. HP: 18/32 MP: 4/4
   994 | D:4      | Noticed Dowan
   995 | D:4      | Noticed Duvessa
  1004 | D:4      | Slain by Duvessa

Illustrated notes

Levels and vault maps discovered:
D:4:      layout_basic, cheibriados_altar_1, temple_doors_ab,
          minmay_door_square, item_on_display_a, uniq_duvessa, uniq_edmund
D:5:      layout_gridville, kennysheep_cluttered_room,
          nicolae_figureground_sparkle
D:6:      layout_loops_cross, serial_shops, shop, nicolae_shop_hallway_plus,
          nicolae_lakefront_shop, nicolae_shop_trees, shop,
          chequers_serial_rivers_micro_d, minmay_misc_feat_cross

Skill      XL: |  1 |
---------------+----+-----
Stealth        | 7 |  7.3
Fighting       | |  3.6
Axes           | |  2.8
Dodging        | |  2.8

Action                   |  1- 3 |  4- 6 || total
-------------------------+-------+-------++-------
Melee: Hand axe          |    23 |    12 ||    35
       Constrict         |     8 |     3 ||    11
       Tentacles         |     4 |     1 ||     5
  Use: Potion            |     1 |     2 ||     3
       Scroll            |     1 |       ||     1
 Stab: Sleeping          |     1 |     2 ||     3
Armor: Skin              |     1 |       ||     1
Dodge: Dodged            |    21 |     6 ||    27
